 Dungeon Crawl Stone Soup version 0.25-a0-785-gb22c70e859 (webtiles) character file.

Game seed: 11951379347878326790, levelgen mode: deterministic

147 Esekla the Skirmisher (level 5, -6/47 HPs)
             Began as a Gnoll Abyssal Knight on Apr 17, 2020.
             Was a Follower of Lugonu.
             Mangled by a raiju (9 damage)
             ... on level 3 of the Abyss.
             The game lasted 00:02:41 (122 turns).

Esekla the Skirmisher (Gnoll Abyssal Knight)         Turns: 122, Time: 00:02:43

Health: -6/47      AC:  3    Str: 14    XL:     5   Next: 29%
Magic:  8/8        EV: 13    Int: 14    God:    Lugonu [*.....]
Gold:   36         SH:  0    Dex: 16    Spells: 6/6 levels left

rFire    . . .     SeeInvis .   a - +1 falchion
rCold    . . .     Gourm    .   (no shield)
rNeg     . . .     Faith    .   b - +0 leather armour
rPois    .         Spirit   .   (no helmet)
rElec    .         Reflect  .   (no cloak)
rCorr    .         Harm     .   (no gloves)
MR       .....                  (no boots)
Stlth    ++........             (no amulet)
HPRegen  0.15/turn              (no ring)
MPRegen  0.11/turn              (no ring)

@: no status effects
A: distributed training, fangs 1, strong nose
a: Depart the Abyss, Renounce Religion


You were on level 3 of the Abyss.
You worshipped Lugonu.
Lugonu was aware of your devotion.
You were not hungry.

You visited 0 branches of the dungeon, and saw 0 of its levels.
You visited the Abyss 1 time.

You collected 36 gold pieces.

Inventory:

Hand Weapons
 a - a +1 falchion (weapon)
Armour
 b - a +0 leather armour (worn)
Wands
 f - a wand of enslavement (6)
Scrolls
 e - a scroll of noise {unknown}
 h - a scroll of identify {unknown}
Potions
 d - a potion of haste {unknown}
 g - a potion of heal wounds {unknown}
Comestibles
 c - a ration


   Skills:
 + Level 6.6 Fighting
 + Level 1.4 Short Blades
 + Level 4.7 Long Blades
 + Level 1.4 Axes
 + Level 1.4 Maces & Flails
 + Level 1.4 Polearms
 + Level 1.4 Staves
 + Level 1.4 Slings
 + Level 1.4 Bows
 + Level 1.4 Crossbows
 + Level 1.4 Throwing
 + Level 4.7 Armour
 + Level 2.9 Dodging
 + Level 1.4 Stealth
 + Level 1.4 Shields
 + Level 1.4 Unarmed Combat
 + Level 1.4 Spellcasting
 + Level 1.1 Conjurations
 + Level 1.1 Hexes
 + Level 1.1 Charms
 + Level 1.1 Summonings
 + Level 1.1 Necromancy
 + Level 1.1 Translocations
 + Level 1.1 Transmutations
 + Level 1.1 Fire Magic
 + Level 1.1 Ice Magic
 + Level 1.1 Air Magic
 + Level 1.1 Earth Magic
 + Level 1.1 Poison Magic
 + Level 4.8 Invocations
 + Level 1.4 Evocations


You had 6 spell levels left.
You didn't know any spells.
Your spell library contained the following spells:

 Spells                   Type           Power        Failure   Level  Hunger
 Animate Skeleton         Necr           N/A          21%         1    ##.....
 Apportation              Tloc           #.....       21%         1    ##.....
 Corona                   Hex            #......      21%         1    ##.....
 Summon Small Mammal      Summ           #...         21%         1    ##.....


Dungeon Overview and Level Annotations

Branches:
Dungeon (0/15)

Altars:


Innate Abilities, Weirdness & Mutations

Your experience applies equally to all skills.
You have very sharp teeth.
Your uncanny sense of smell can sniff out nearby items.


Message History

The raiju barks!
A large abomination comes into view.
A raiju comes into view.
The raiju barks!
You hear a bark!
The raiju bursts into living lightning!
The living lightning hits the raiju.
The raiju completely resists.
The living lightning hits you!!
Ouch! That really hurt!
The raiju blinks!
The raiju barks!
The raiju bursts into living lightning!
The living lightning hits you!
* * * LOW HITPOINT WARNING * * *
The raiju blinks!
You see here a book of Cantrips.
You pick up a book of Cantrips and begin reading...
You add the spells Corona, Animate Skeleton, Summon Small Mammal and Apportation to your library.
The raiju bites you!
* * * LOW HITPOINT WARNING * * *
The raiju shocks you!
You die...

.h.. . ##
...... ........
. .#...#
#.#..#.. ..
..[..#.......
#.#.#.#.#.#.#..
.............
#.#.....(#
###h.#....####
#h.@#.##§#...#
#...#..§#§..#..
##....##..#.. .
#...#.# ###..#.
#####..##.∩#..#
...#.#.#.#.
.###. #..## ##
#######∆


You could see 2 raiju.

Vanquished Creatures (collateral kills)
  2 chaos spawn (Abyss:3)
2 creatures vanquished.

Vanquished Creatures (others)
  A fire bat (Abyss:3)
  A chaos spawn (Abyss:3)
2 creatures vanquished.

Grand Total: 4 creatures vanquished

Notes
Turn   | Place    | Note
-------+----------+-------------------------------------------
     0 | Abyss:1  | Esekla the Gnoll Abyssal Knight began the quest for the
                  | Orb.
     0 | Abyss:1  | Reached XP level 1. HP: 23/23 MP: 3/3
    63 | Abyss:2  | Noticed a mana viper
   110 | Abyss:3  | Killed a chaos spawn
   110 | Abyss:3  | Reached skill level 1 in Short Blades
   110 | Abyss:3  | Reached skill level 1 in Axes
   110 | Abyss:3  | Reached skill level 1 in Maces & Flails
   110 | Abyss:3  | Reached skill level 1 in Polearms
   110 | Abyss:3  | Reached skill level 1 in Staves
   110 | Abyss:3  | Reached skill level 1 in Slings
   110 | Abyss:3  | Reached skill level 1 in Bows
   110 | Abyss:3  | Reached skill level 1 in Crossbows
   110 | Abyss:3  | Reached skill level 1 in Throwing
   110 | Abyss:3  | Reached skill level 1 in Stealth
   110 | Abyss:3  | Reached skill level 1 in Shields
   110 | Abyss:3  | Reached skill level 1 in Unarmed Combat
   110 | Abyss:3  | Reached skill level 1 in Spellcasting
   110 | Abyss:3  | Reached skill level 1 in Evocations
   110 | Abyss:3  | Reached XP level 2. HP: 29/29 MP: 5/5
   110 | Abyss:3  | Reached XP level 3. HP: 35/35 MP: 6/6
   110 | Abyss:3  | Reached XP level 4. HP: 41/41 MP: 7/7
   113 | Abyss:3  | Killed a fire bat
   115 | Abyss:3  | Killed a chaos spawn
   115 | Abyss:3  | Reached skill level 1 in Conjurations
   115 | Abyss:3  | Reached skill level 1 in Hexes
   115 | Abyss:3  | Reached skill level 1 in Charms
   115 | Abyss:3  | Reached skill level 1 in Summonings
   115 | Abyss:3  | Reached skill level 1 in Necromancy
   115 | Abyss:3  | Reached skill level 1 in Translocations
   115 | Abyss:3  | Reached skill level 1 in Transmutations
   115 | Abyss:3  | Reached skill level 1 in Fire Magic
   115 | Abyss:3  | Reached skill level 1 in Ice Magic
   115 | Abyss:3  | Reached skill level 1 in Air Magic
   115 | Abyss:3  | Reached skill level 1 in Earth Magic
   115 | Abyss:3  | Reached skill level 1 in Poison Magic
   115 | Abyss:3  | Reached XP level 5. HP: 47/47 MP: 8/8
   116 | Abyss:3  | Noticed a raiju
   118 | Abyss:3  | Noticed a raiju
   119 | Abyss:3  | Noticed a large abomination
   119 | Abyss:3  | Noticed a raiju
   122 | Abyss:3  | Mangled by a raiju

Levels and vault maps discovered:
Abyss:3:  abyss_exit_lava, hangedman_decor_points, hangedman_decor_riveting,
          due_evilmike_abyss_rune_seething_liches, minivault_19,
          hangedman_abyss_or_decor_passed, minivault_25_ag,
          hangedman_decor_riveting, evilmike_abyss_exit_17

Skill      XL: |  1  2  3  4 |
---------------+-------------+-----
Short Blades   | 1 |  1.4
Axes           | 1 |  1.4
Maces & Flails | 1 |  1.4
Polearms       | 1 |  1.4
Staves         | 1 |  1.4
Slings         | 1 |  1.4
Bows           | 1 |  1.4
Crossbows      | 1 |  1.4
Throwing       | 1 |  1.4
Stealth        | 1 |  1.4
Shields        | 1 |  1.4
Unarmed Combat | 1 |  1.4
Spellcasting   | 1 |  1.4
Evocations     | 1 |  1.4
Conjurations   | 1 |  1.1
Hexes          | 1 |  1.1
Charms         | 1 |  1.1
Summonings     | 1 |  1.1
Necromancy     | 1 |  1.1
Translocations | 1 |  1.1
Transmutations | 1 |  1.1
Fire Magic     | 1 |  1.1
Ice Magic      | 1 |  1.1
Air Magic      | 1 |  1.1
Earth Magic    | 1 |  1.1
Poison Magic   | 1 |  1.1
Fighting       | |  6.6
Long Blades    | |  4.7
Armour         | |  4.7
Dodging        | |  2.9
Invocations    | |  4.8

Table legend:
 A = Non-vault XP
 B = Vault XP
 C = Vault XP percentage of total XP
 D = Non-vault monster count
 E = Vault monster count
 F = Vault count percentage of total count
                 A         B        C        D         E       F
            +---------+---------+-------+---------+---------+-------
      Total |       0 |     210 | 100.0 |       0 |       3 | 100.0
            +---------+---------+-------+---------+---------+-------
    Abyss:3 |       0 |     210 | 100.0 |       0 |       3 | 100.0
            +---------+---------+-------+---------+---------+-------
